Map: King's Cove LE

Players

Harstem - Winner!

  • Race: Protoss Protoss
  • Spawn Location: 5:00

ArT

  • Race: Protoss Protoss
  • Spawn Location: 11:00

Event: IEM Season 13: Katowice (2019)

VOD

Have the link to the VOD?

Description

Time

  • Played on: Feb. 25, 2019, 10:35 a.m.
  • Length: 22:02

All games in this series

Show
View Real Time Build Order
Export as new Build Order

Harstem Protoss - Winner!

Build Orders: Oracle Opening, Phoenix Opening 

Get SALT Encoding   

  12  0:00  Probe  
  13  0:12  Probe  
  14  0:18  Pylon  
  14  0:24  Probe  
  15  0:32  Probe  
  15  0:38  Gateway  
  15  0:40  Probe  
  16  0:48  Assimilator  
  17  0:51  Probe  
  17  0:56  Assimilator  
  18  1:00  Probe  
  19  1:08  Probe  
  19  1:10  Gateway  
  19  1:17  Probe  
  21  1:26  Cybernetics Core  
  21  1:29  Probe  
  22  1:38  Pylon  
  22  1:41  Probe  
  23  1:56  Probe  
  24  2:02  Warp Gate, Stalker  
  24  2:03  Sentry  
  24  2:08  Probe  
  29  2:11  Pylon  
  29  2:32  Stargate  
  29  2:36  Phoenix  
  28  2:45  Nexus  
  28  2:48  Probe  
  29  2:55  Stalker  
  31  3:00  Probe  
  32  3:08  Oracle  
  32  3:10  Pylon  
  32  3:12  Probe  
  36  3:24  Probe  
  37  3:36  Probe  
  37  3:40  Robotics Facility  
  39  3:48  Probe  
  39  3:52  Stalker  
  39  3:54  Probe  
  41  3:57  Probe  
  43  4:05  Probe  
  45  4:12  Stalker  
  45  4:16  Stalker  
  42  4:31  Immortal  
  35  4:36  Stalker  
  39  4:41  Stalker  
  39  4:44  Probe  
  38  4:46  Probe  
  39  4:54  Zealot  
  39  4:57  Probe  
  42  5:04  Stalker  
  44  5:07  Probe  
  43  5:20  Zealot  
  45  5:27  Immortal  
  43  5:29  Sentry  
  43  5:30  Probe  
  43  5:32  Probe  
  47  5:42  Sentry, Probe  
  54  5:50  Probe  
  49  5:58  Stalker  
  49  6:00  Probe  
  49  6:03  Probe  
  51  6:07  Zealot  
  51  6:09  Immortal  
  47  6:12  Probe  
  47  6:15  Probe  
  53  6:27  Probe  
  53  6:29  Pylon  
  54  6:35  Shield Battery  
  54  6:42  Forge  
  54  6:47  Probe  
  54  6:49  Pylon  
  54  6:50  Sentry, Zealot  
  54  6:51  Probe  
  60  6:57  Probe  
  60  7:00  Probe  
  58  7:05  Probe  
  55  7:12  Robotics Bay  
  56  7:16  Sentry, Zealot  
  56  7:18  Warp Prism  
  62  7:30  Pylon  
  62  7:54  Nexus  
  62  8:08  Pylon  
  62  8:12  Pylon  
  63  8:17  Disruptor  
  65  8:33  Stalker  
  67  8:36  Probe  
  68  8:45  Twilight Council  
  68  8:48  Probe  
  69  9:00  Probe  
  70  9:08  Adept x2  
  72  9:14  Probe  
  72  9:15  Disruptor  
  72  9:16  Probe  
  73  9:26  Probe  
  73  9:28  Probe  
  74  9:34  Probe, Assimilator  
  74  9:36  Assimilator  
  75  9:40  Probe  
  75  9:42  Probe  
  76  9:51  Disruptor  
  80  9:53  Probe  
  80  9:56  Probe  
  81  10:05  Adept x2  
  76  10:16  Probe  
  76  10:18  Probe  
  78  10:24  Probe  
  78  10:26  Probe, Blink  
  79  10:32  Probe  
  80  10:35  Probe  
  80  10:40  Stalker x2  
  85  10:44  Probe  
  86  10:51  Probe  
  86  10:56  Probe  
  87  11:01  Disruptor  
  87  11:10  Gateway  
  89  11:12  Pylon  
  89  11:16  Gateway  
  89  11:17  Phoenix  
  91  11:29  Probe  
  92  11:33  Observer, Stalker x2  
  92  11:35  Protoss Ground Weapons Level 1  
  92  11:36  Probe  
  95  11:48  Probe  
  97  12:00  Probe  
  98  12:05  Nexus  
  97  12:09  Stalker  
  99  12:17  Stalker x2  
  96  12:27  Stalker  
  96  12:28  Probe  
  96  12:29  Probe  
  99  12:34  Pylon  
  99  12:40  Probe  
  100  12:51  Disruptor  
  92  13:00  Stalker x4  
  92  13:03  Pylon  
  103  13:06  Probe  
  103  13:10  Dark Shrine  
  104  13:20  Probe  
  104  13:21  Protoss Ground Weapons Level 2  
  105  13:41  Disruptor  
  105  13:50  Probe, Templar Archives  
  105  13:53  Nexus  
  109  13:57  Probe  
  110  14:12  Probe  
  110  14:14  Pylon  
  110  14:17  Disruptor  
  111  14:20  Probe  
  111  14:22  Dark Templar x2  
  114  14:30  Pylon  
  117  14:33  Photon Cannon, Pylon  
  117  14:34  High Templar x2  
  121  14:41  Probe x2  
  122  14:53  Probe x2  
  122  14:58  High Templar x2  
  128  15:02  Disruptor  
  128  15:05  Photon Cannon, Probe  
  128  15:06  Probe  
  130  15:12  Probe  
  134  15:15  Shield Battery  
  134  15:16  Assimilator  
  134  15:17  Probe, Assimilator  
  135  15:26  Probe  
  136  15:29  Shield Battery  
  136  15:30  Disruptor, Probe  
  136  15:31  Photon Cannon  
  136  15:35  Oracle  
  137  15:37  Probe  
  144  15:54  Probe  
  143  16:01  Fleet Beacon  
  143  16:19  Pylon  
  143  16:29  High Templar x4  
  143  16:30  Nexus  
  143  16:32  Pylon, Archon  
  151  16:33  Archon  
  151  16:35  Tempest  
  149  16:43  Probe  
  149  16:44  Pylon, Probe  
  154  16:51  Mothership  
  154  16:54  Photon Cannon  
  154  16:57  Shield Battery  
  162  17:17  Photon Cannon  
  162  17:27  Tempest, Zealot  
  162  17:28  Stalker  
  169  17:46  Shield Battery  
  169  17:47  Photon Cannon  
  169  17:51  Assimilator  
  169  17:53  Shield Battery  
  169  17:58  Tempest, Protoss Air Weapons Level 1  
  169  17:59  Assimilator  
  169  18:09  Stargate  
  169  18:10  Photon Cannon  
  170  18:31  Tempest  
  170  18:32  Photon Cannon  
  168  18:38  Photon Cannon  
  173  18:47  Photon Cannon, Shield Battery  
  173  18:50  Pylon  
  173  18:52  Tempest  
  176  19:15  Protoss Shields Level 1  
  176  19:23  Tempest  
  181  19:31  Tempest  
  179  19:33  Photon Cannon  
  179  19:42  Shield Battery  
  181  20:06  Oracle  
  184  20:10  Photon Cannon  
  184  20:14  Tempest  
  184  20:15  Photon Cannon  
  184  20:18  Photon Cannon  
  184  20:20  Warp Prism  
  189  20:32  Dark Templar x2  
  189  20:33  Dark Templar  
  195  20:36  Photon Cannon  
  195  20:43  Oracle  
  195  20:44  Photon Cannon  
  195  20:45  Photon Cannon  
  190  21:12  Tempest  
  195  21:22  Photon Cannon  
  195  21:23  Photon Cannon  
  195  21:25  Photon Cannon  
  195  21:28  Shield Battery  
  195  21:30  Shield Battery  
  172  21:52  Zealot x4  
Show
View Real Time Build Order
Export as new Build Order

ArT Protoss 

Build Orders: Phoenix Opening, Carriers 

Get SALT Encoding   

  12  0:00  Probe  
  13  0:12  Probe  
  14  0:17  Pylon  
  14  0:24  Probe  
  15  0:34  Probe  
  15  0:36  Gateway  
  15  0:42  Probe  
  16  0:49  Assimilator  
  17  0:52  Probe  
  18  0:57  Assimilator  
  18  1:04  Probe  
  18  1:10  Gateway  
  19  1:16  Probe  
  20  1:25  Cybernetics Core  
  20  1:29  Probe  
  21  1:37  Pylon  
  21  1:41  Probe  
  22  1:53  Warp Gate, Probe  
  23  2:02  Sentry, Stalker  
  23  2:05  Probe  
  28  2:15  Pylon  
  28  2:20  Pylon  
  28  2:23  Probe  
  29  2:33  Sentry, Stalker  
  33  2:40  Phoenix  
  33  2:59  Stalker, Pylon  
  35  3:10  Probe, Nexus  
  36  3:22  Gateway, Probe  
  37  3:33  Shield Battery  
  37  3:41  Stalker  
  39  3:49  Stalker  
  41  4:05  Stalker  
  41  4:09  Stalker  
  45  4:18  Stalker  
  46  4:30  Stalker x2  
  42  4:40  Probe  
  42  4:41  Stalker  
  43  4:54  Stalker x2  
  47  5:00  Probe x2  
  47  5:07  Stalker  
  51  5:20  Sentry, Zealot  
  54  5:21  Probe x2  
  55  5:30  Stalker  
  55  5:33  Probe  
  58  5:41  Robotics Facility  
  58  5:43  Zealot  
  60  5:54  Stalker  
  56  6:00  Zealot x2  
  52  6:09  Probe  
  51  6:17  Adept  
  51  6:18  Probe  
  54  6:20  Adept  
  54  6:21  Sentry  
  54  6:23  Probe  
  59  6:29  Observer  
  59  6:30  Probe  
  59  6:32  Pylon  
  61  6:44  Pylon, Shield Battery  
  61  6:47  Probe  
  61  6:50  Forge, Probe  
  61  6:52  Twilight Council  
  63  6:55  Stalker  
  61  7:06  Probe x2  
  61  7:07  Stalker  
  65  7:12  Zealot  
  63  7:19  Probe, Resonating Glaives  
  63  7:20  Pylon  
  62  7:36  Probe  
  63  7:40  Immortal  
  63  7:41  Adept x3  
  63  7:46  Gateway  
  63  7:47  Assimilator  
  67  7:54  Shield Battery  
  67  8:00  Shield Battery  
  67  8:05  Adept x2  
  67  8:07  Adept  
  73  8:16  Photon Cannon  
  73  8:19  Warp Prism  
  73  8:22  Photon Cannon  
  75  8:36  Stalker  
  75  8:39  Protoss Ground Weapons Level 1  
  77  8:43  Adept x2  
  79  8:49  Assimilator  
  79  8:53  Stalker  
  80  9:10  Adept x3  
  80  9:12  Stargate  
  86  9:17  Pylon  
  86  9:29  Probe  
  85  9:33  Stargate  
  85  9:34  Pylon  
  85  9:35  Pylon  
  83  9:47  Charge  
  83  9:49  Immortal  
  87  9:55  Adept  
  87  9:57  Adept, Phoenix  
  81  10:17  Phoenix  
  81  10:32  Phoenix  
  81  10:33  Nexus  
  83  10:38  Phoenix  
  83  10:46  Probe  
  83  10:49  Observer, Phoenix  
  86  10:53  Pylon  
  86  11:00  Phoenix  
  86  11:06  Probe  
  89  11:12  Adept  
  89  11:15  Gateway  
  91  11:23  Phoenix  
  91  11:26  Probe  
  91  11:27  Probe  
  93  11:42  Phoenix  
  93  11:43  Protoss Ground Weapons Level 2  
  95  11:53  Observer  
  95  11:58  Probe x2  
  95  11:59  Photon Cannon  
  95  12:01  Pylon, Probe  
  98  12:10  Zealot x4  
  98  12:14  Probe  
  105  12:23  Observer  
  105  12:24  Phoenix, Templar Archives  
  105  12:27  Zealot  
  108  12:40  Zealot x3  
  114  12:47  Phoenix  
  114  12:49  Zealot x2  
  112  12:54  Phoenix  
  108  13:00  Probe  
  108  13:01  Probe  
  108  13:03  Protoss Air Weapons Level 1  
  112  13:09  Immortal  
  112  13:10  Phoenix x2  
  112  13:11  Probe  
  113  13:13  Probe  
  110  13:32  Assimilator  
  110  13:34  Assimilator  
  110  13:37  Phoenix x2  
  110  13:38  Observer  
  114  13:42  Probe x2  
  114  13:43  Pylon  
  114  13:46  Protoss Ground Weapons Level 3  
  116  13:49  Immortal  
  116  13:50  Fleet Beacon  
  120  14:05  Probe x3  
  123  14:27  Gateway  
  123  14:28  Gateway, High Templar x2  
  127  14:31  Warp Prism  
  127  14:33  Archon  
  127  14:37  Mothership  
  129  14:47  Nexus  
  129  14:55  Observer  
  137  15:04  Zealot  
  139  15:11  Immortal  
  139  15:13  Pylon  
  139  15:16  Dark Shrine  
  143  15:26  Carrier  
  143  15:32  Carrier  
  155  15:45  Pylon  
  155  15:51  Pylon  
  153  15:59  Assimilator  
  153  16:04  Assimilator  
  153  16:06  Photon Cannon  
  153  16:08  Probe x2  
  153  16:09  Probe  
  156  16:16  High Templar x2  
  160  16:20  Observer  
  160  16:22  Archon  
  157  16:31  Photon Cannon, Zealot x2, Carrier  
  160  16:39  Carrier  
  160  16:46  Protoss Shields Level 1  
  166  16:53  Photon Cannon  
  172  17:01  Pylon  
  172  17:02  Shield Battery  
  172  17:09  Pylon  
  172  17:14  Stargate  
  172  17:21  Protoss Air Weapons Level 2  
  172  17:35  Immortal  
  174  17:38  Carrier  
  174  17:39  Pylon  
  180  17:55  Blink  
  180  17:56  Carrier  
  180  18:05  Pylon  
  186  18:16  Pylon  
  186  18:24  Gateway  
  186  18:28  High Templar x2  
  186  18:30  Zealot x2  
  186  18:31  Zealot  
  196  18:41  Archon  
  196  18:43  Zealot  
  196  18:44  Zealot  
  196  18:47  Pylon  
  200  18:50  Oracle  
  199  19:15  Protoss Shields Level 2  
  199  19:30  Gateway  
  199  19:34  Gateway  
  185  19:56  Zealot x5  
  185  19:57  Zealot x3, Phoenix x2  
  185  19:58  Phoenix  
  193  20:18  Nexus  
  189  20:22  Phoenix x2  
  189  20:23  Phoenix  
  189  20:24  Dark Templar  
  196  20:36  Pylon  
  196  20:52  Pylon  
  196  21:02  Pylon  
  198  21:12  Oracle x2  
  198  21:16  Dark Templar x2  
  198  21:17  Observer  
  195  21:21  Gateway  
  189  21:28  Dark Templar x2  
  165  21:48  Dark Templar x3  
  137  21:56  Zealot x3  

Tags
 
Add a new tag
Caveats
  • Supply blocks, unpowered buildings, or Contaminate may cause inaccurate times.
  • Supply counts are checked every 10 seconds.